 Dungeon Crawl Stone Soup version 0.30-a0-715-gdb4ae3e (webtiles) character file.

Game seed: 5337013354136006064

15749 malesh the Basher (level 12, -10/87 HPs)
             Began as an Armataur Fighter on Jan 24, 2023.
             Was a Priest of Makhleb.
             Mangled by a lorocyproca (24 damage)
             ... on level 2 of the Abyss.
             The game lasted 00:46:46 (11679 turns).

malesh the Basher (Armataur Fighter)               Turns: 11679, Time: 00:46:48

Health: -10/87     AC: 29    Str: 21      XL:     12   Next: 4%
Magic:  0/13       EV:  8    Int: 16      God:    Makhleb [***...]
Gold:   188        SH:  6    Dex:  8 (12) Spells: 11/11 levels left

rFire   . . .      SeeInvis +    a - +4 flail
rCold   . . .      Faith    .    c - +1 buckler
rNeg    . . .      Spirit   +    g - +6 scale mail of Midnight {Dex+4}
rPois   .          Reflect  .    n - +2 helmet {SInv}
rElec   .          Harm     .    I - +2 cloak
rCorr   .          Roll     +    s - +2 pair of gloves {hurl}
Will    .....                    (no barding) Stlth
                                 q - amulet of guardian spirit
HPRegen 0.34/turn                j - +4 ring of protection
MPRegen 0.13/turn                F - +6 ring of intelligence

@: brilliant, invisible, unable to read
A: large, rugged brown scales 3, deformed body, armoured tail, roll, long
tongue, awkward tongue, (teleportitis 1), [clumsy 1], [deterioration 1], [frail
2], [weak 2], [subdued magic 1], [inability to read after injury 1]
a: Renounce Religion, Minor Destruction, Lesser Servant of Makhleb


You were on level 2 of the Abyss.
You worshipped Makhleb.
Makhleb was most pleased with you.
You visited 2 branches of the dungeon, and saw 12 of its levels.
You visited the Abyss 2 times.

You collected 676 gold pieces.
You spent 488 gold pieces at shops.

Inventory:

Hand Weapons
 a - a +4 flail (weapon)
 w - a +3 whip of draining
Missiles
 C - 16 boomerangs (quivered)
 D - a curare-tipped dart
 L - 25 poisoned darts
Armour
 c - a +1 buckler (worn)
 g - the +6 scale mail of Midnight (worn) {Dex+4}
   (You bought it in a shop on level 7 of the Dungeon)

   Dex:       It affects your dexterity (+4).
 n - a +2 helmet of see invisible (worn)
 s - a +2 pair of gloves of hurling (worn)
 I - a +2 cloak (worn)
Jewellery
 b - a ring of fire
 j - a +4 ring of protection (left hand)
 q - an amulet of guardian spirit (around neck)
 v - a ring of wizardry
 F - a +6 ring of intelligence (right hand)
Wands
 i - a wand of flame (34)
 p - a wand of paralysis (6)
 G - a wand of mindburst (10)
 J - a wand of roots (2)
 K - a wand of quicksilver (4)
Scrolls
 d - 4 scrolls of vulnerability
 e - 2 scrolls of immolation
 h - 5 scrolls of magic mapping
 m - a scroll of teleportation
 y - 3 scrolls of amnesia
Potions
 f - 4 potions of attraction
 k - 2 potions of curing
 z - 2 potions of cancellation
 B - a potion of ambrosia


   Skills:
 + Level 7.8 Fighting
 + Level 11.6 Maces & Flails
 + Level 3.4 Throwing
 + Level 10.5 Armour
 + Level 4.5 Dodging
 + Level 8.2 Shields
 + Level 1.9 Invocations
 + Level 0.1 Evocations


You had 11 spell levels left.
You didn't know any spells.
Your spell library contained the following spells:

 Spells                   Type           Power      Damage    Failure   Level
 Apportation              Tloc           0%         N/A       52%         1
 Sandblast                Erth           0%         2d4       52%         1
 Passwall                 Tmut/Erth      0%         N/A       67%         2
 Frozen Ramparts          Ice            0%         1d1       88%         3
 Hailstorm                Conj/Ice       0%         3d3       88%         3
 Stone Arrow              Conj/Erth      0%         3d7       88%         3
 Ice Form                 Ice/Tmut       0%         N/A       99%         4
 Passage of Golubria      Tloc           0%         N/A       99%         4
 Summon Ice Beast         Ice/Summ       0%         N/A       99%         4
 Alistair's Intoxication  Tmut/Pois      0%         N/A       100%        5
 Freezing Cloud           Conj/Ice/Air   0%         6-21      100%        5
 Silence                  Hex/Air        0%         N/A       100%        5
 Simulacrum               Ice/Necr       0%         N/A       100%        6
 Lehudib's Crystal Spear  Conj/Erth      0%         10d2      100%        8
 Polar Vortex             Ice            0%         N/A       100%        9


Dungeon Overview and Level Annotations

Branches:
Dungeon (11/15)            Temple (1/1) D:5            Lair (0/5) D:8
    Orc: D:9-12

Altars:
Ashenzari
Cheibriados
Dithmenos
Fedhas
Gozag
Kikubaaqudgha
Makhleb
Nemelex Xobeh
Okawaru
Ru
Sif Muna
Trog
Uskayaw
Vehumet
Wu Jian
Xom
Yredelemnul
Zin
The Shining One

Shops:
D:3 [   D:7 [(   D:9 !

Annotations:
D:5 3 runed translucent doors, Lemonspray55555's ghost, amateur DgCj
D:11 Erolcha


Innate Abilities, Weirdness & Mutations

You are completely covered in rugged brown scales. (AC +3, +7% HP)
Armour fits poorly on your strangely shaped body.
You have a long armoured tail.
You roll when moving toward enemies. (Rampage)
Your long tongue fully drains potion bottles. (2x potion effects)
Your tongue gives you trouble enunciating. (1.5x scroll delay)
((You are occasionally teleported next to monsters.))
[You are clumsy. (Dex -2)]
[Your body sometimes deteriorates upon taking damage.]
[You are very frail. (-20% HP)]
[You are very weak. (Str -4)]
[Your spells are a little easier to cast, but a little less powerful.]
[You occasionally lose the ability to read scrolls when taking damage.]


Message History

You hit the lorocyproca.
The lorocyproca is lightly wounded.
The lorocyproca hits you!
You feel your power leaking away.
You closely miss the lorocyproca.
The lorocyproca is lightly wounded.
The lorocyproca hits you but does no damage.
You barely miss the lorocyproca.
The lorocyproca is lightly wounded.
The lorocyproca hits you but does no damage.
You closely miss the lorocyproca.
The lorocyproca is lightly wounded.
The lorocyproca hits you but does no damage.
You hit the lorocyproca but do no damage.
The lorocyproca is lightly wounded.
The lorocyproca hits you!
* * * LOW HITPOINT WARNING * * *
You barely miss the lorocyproca.
You tail-slap the lorocyproca, but do no damage.
The lorocyproca is lightly wounded.
The lorocyproca hits you.
* * * LOW HITPOINT WARNING * * *
You sock the lorocyproca!
The lorocyproca is moderately wounded.
The lorocyproca closely misses you.
You barely miss the lorocyproca.
The lorocyproca is moderately wounded.
You hit the lorocyproca.
Your tail-slap misses the lorocyproca.
The lorocyproca is moderately wounded.
The lorocyproca hits you!
* * * LOW HITPOINT WARNING * * *
You feel your power leaking away.
You closely miss the lorocyproca.
The lorocyproca is moderately wounded.
The lorocyproca hits you but does no damage.
You sock the lorocyproca!
Your tail-slap misses the lorocyproca.
The lorocyproca is heavily wounded.
The lorocyproca hits you!!
You feel threatened and lose the ability to read scrolls!
You die...

#. . # . ##
# .#. ..#
#.# ...# #
#.##... ..
#.####...# .
#.....@## #
#.###.42#
......#..#.#
# ##.###
.... #.
###### . #.
# # #. . #.
. ...


You could see a lorocyproca (invisible) and a friendly hellwing (summoned).

Vanquished Creatures
  2 two-headed ogres
  2 thrashing horrors (Abyss:2)
  A sixfirhy (Abyss:2)
  2 wretched stars (Abyss:2)
  A large abomination (Abyss:2)
  A manticore (D:11)
  A centaur zombie (Abyss:2)
  2 gargoyles
  An orange demon (Abyss:2)
  A komodo dragon (D:11)
  2 ancient zymes (Abyss:2)
  2 hornets
  4 trolls
  A small abomination (Abyss:2)
  5 wyverns
  A wraith (D:10)
  14 yaks
  A chaos spawn (Abyss:2)
  2 steam dragons
  A basilisk (D:11)
  A neqoxec (Abyss:2)
  4 water moccasins
  4 orc warriors
  An ice beast (D:5)
  3 ogres
  A centaur (D:9)
  4 kobold brigands
  3 phantoms
  2 gnoll sergeants
  8 bullfrogs
  2 necrophages
  4 scorpions
  8 killer bees (D:9)
  A howler monkey (D:9)
  An electric eel (D:7)
  A lava snake (D:9)
  4 hounds
  A gnoll bouda (D:8)
  4 orc priests
  5 iguanas
  An iron imp (Abyss:2)
  3 orc wizards
  14 gnolls
  7 adders
  A shadow imp (D:3)
  An ufetubus (D:5)
  A worm (D:2)
  3 dart slugs
  28 orcs
  3 ball pythons
  9 endoplasms
  2 giant cockroaches (D:3)
  6 goblins
  7 hobgoblins
  6 jackals
  19 kobolds
  A quokka (D:1)
  8 bats
  3 frilled lizards
  3 rats
235 creatures vanquished.

Vanquished Creatures (collateral kills)
  A troll (D:11)
  A jelly (Abyss:2)
2 creatures vanquished.

Vanquished Creatures (others)
  An orc wizard (D:8)
  2 fungi (D:8)
  11 plants (D:8)
14 creatures vanquished.

Grand Total: 251 creatures vanquished

Notes
Turn   | Place    | Note
-------+----------+-------------------------------------------
     0 | D:1      | malesh the Armataur Fighter began the quest for the Orb.
     0 | D:1      | Reached XP level 1. HP: 19/19 MP: 1/1
    37 | D:1      | Reached XP level 2. HP: 18/26 MP: 2/2
   116 | D:1      | Reached skill level 2 in Maces & Flails
   173 | D:1      | Reached XP level 3. HP: 25/33 MP: 3/3
   641 | D:2      | Reached XP level 4. HP: 40/40 MP: 4/4
  1858 | D:3      | Found Fism's Armour Shop.
  2320 | D:4      | Noticed a scorpion
  2326 | D:4      | Killed a scorpion
  2327 | D:4      | Reached skill level 3 in Maces & Flails
  2327 | D:4      | Reached skill level 1 in Dodging
  2327 | D:4      | Reached XP level 5. HP: 42/48 MP: 5/5
  2460 | D:4      | Reached skill level 5 in Armour
  2460 | D:4      | Reached XP level 6. HP: 38/54 MP: 4/6
  2463 | D:4      | You fall into a shaft and drop 1 floor!
  2463 | D:5      | Entered Level 5 of the Dungeon
  2839 | D:5      | Noticed an ice beast
  2847 | D:5      | Killed an ice beast
  2848 | D:5      | Reached skill level 4 in Maces & Flails
  2865 | D:5      | Reached XP level 7. HP: 55/62 MP: 5/7
  3595 | D:4      | Found a broken altar of Ashenzari.
  3742 | D:5      | Found a staircase to the Ecumenical Temple.
  3784 | Temple   | Entered the Ecumenical Temple
  3888 | Temple   | Became a worshipper of Makhleb the Destroyer
  4052 | D:5      | Reached skill level 5 in Maces & Flails
  4062 | D:5      | Found a runed translucent gate.
  4062 | D:5      | Found a runed translucent gate.
  4062 | D:5      | Found a runed translucent gate.
  4063 | D:5      | Noticed Lemonspray55555's ghost (amateur DgCj)
  4417 | D:6      | Reached XP level 8. HP: 70/70 MP: 8/8
  4926 | D:6      | Reached skill level 5 in Shields
  5018 | D:6      | Reached * piety under Makhleb
  5058 | D:6      | Reached skill level 6 in Maces & Flails
  5756 | D:7      | Found Emoxoron's Antique Armour Shop.
  5756 | D:7      | Found Foponeupp's Antique Weapon Shoppe.
  5775 | D:7      | Bought a transparent scale mail for 252 gold pieces
  5775 | D:7      | Identified the +6 scale mail of Midnight {Dex+4} (You
                  | bought it in a shop on level 7 of the Dungeon)
  5905 | D:7      | Reached XP level 9. HP: 73/78 MP: 9/9
  6008 | D:7      | Reached skill level 5 in Fighting
  6008 | D:7      | Reached skill level 7 in Maces & Flails
  6266 | D:7      | Identified a scroll of acquirement
  6266 | D:7      | Acquired a +0 helmet of see invisible
  6647 | D:8      | Noticed a two-headed ogre
  6681 | D:8      | Killed a two-headed ogre
  6682 | D:8      | Reached skill level 8 in Maces & Flails
  6733 | D:8      | Found a staircase to the Lair.
  6749 | D:8      | Reached XP level 10. HP: 56/88 MP: 5/10
  6890 | D:8      | Paralysed by a gnoll bouda for 3 turns
  7002 | D:8      | Paralysed by a hornet for 3 turns
  7006 | D:8      | Reached ** piety under Makhleb
  7007 | D:8      | Reached skill level 9 in Maces & Flails
  7572 | D:3      | Bought a +2 pair of gloves of hurling for 236 gold pieces
  8492 | D:9      | Reached skill level 10 in Maces & Flails
  8575 | D:9      | Found Awask's Distillery.
  9161 | D:10     | Entered Level 10 of the Dungeon
  9196 | D:10     | Reached skill level 1 in Throwing
  9196 | D:10     | Reached XP level 11. HP: 89/97 MP: 9/11
  9372 | D:10     | Reached *** piety under Makhleb
  9452 | D:10     | Noticed a two-headed ogre
  9463 | D:10     | Killed a two-headed ogre
 10243 | D:11     | Noticed Erolcha
 10361 | Abyss:2  | Cast into level 2 of the Abyss (Erolcha)
 10455 | Abyss:2  | Noticed a wretched star
 10473 | Abyss:2  | Killed a wretched star
 10590 | Abyss:2  | Noticed a sixfirhy
 10596 | Abyss:2  | Killed a sixfirhy
 10597 | Abyss:2  | Reached skill level 10 in Armour
 10597 | Abyss:2  | Reached skill level 1 in Invocations
 10612 | Abyss:2  | Noticed a thrashing horror
 10612 | Abyss:2  | Noticed a thrashing horror
 10632 | Abyss:2  | Killed a thrashing horror
 10637 | Abyss:2  | Killed a thrashing horror
 10638 | Abyss:2  | Reached skill level 11 in Maces & Flails
 10813 | Abyss:2  | Noticed a wretched star
 10852 | Abyss:2  | Killed a wretched star
 10856 | Abyss:2  | Gained mutation: You are occasionally teleported next to
                  | monsters. [a neqoxec]
 10859 | D:11     | Escaped the Abyss
 11321 | D:11     | Reached XP level 12. HP: 35/87 MP: 4/13
 11529 | Abyss:2  | Cast into level 2 of the Abyss (Erolcha)
 11652 | Abyss:2  | Noticed a lorocyproca
 11679 | Abyss:2  | Mangled by a lorocyproca

Illustrated notes

Levels and vault maps discovered:
D:1:      minmay_arrival_four_houses, layout_rooms,
          amcnicky_mini_corridor_feature, chequers_serial_rivers_micro_d
D:2:      layout_basic, serial_rivers, chequers_serial_rivers_micro_e,
          chequers_serial_rivers_marsh, chequers_serial_rivers_room_b,
          chequers_serial_rivers_small_3, chequers_serial_rivers_micro_e,
          chequers_serial_rivers_large_a, corexii_corridor_pit,
          kennysheep_generic_room_10
D:3:      layout_basic, serial_shops, nicolae_shop_waterfront
D:4:      layout_cave_pools, ashenzari_conservatory_becter, lightli_minifort
D:5:      layout_rooms, minmay_temple_entry_proselytizer,
          gammafunk_ghost_necromancy, minivault_14
D:6:      layout_rooms
D:7:      layout_loops_cross, nicolae_wooded_promenade
D:8:      layout_layer_cave, minmay_lair_entry_grove,
          chequers_serial_rivers_micro_c, mrwooster_statue_mirror
D:9:      layout_basic, serial_shops, nicolae_shop_trees,
          kennysheep_generic_room_2
D:10:     layout_gridville, patterned_corridor
D:11:     layout_cross, serial_glass, glass_columns_b, glass_columns_b,
          uniq_erolcha
Temple:   compressed_dpeg_circular_temple
Abyss:2:  base: D:9, base: D:10, base:
D:9

Skill      XL: |  1  2  3  4  5  6  7  8  9 10 11 |
---------------+----------------------------------+-----
Maces & Flails | 2 3 4 5 6 8 10 11 | 11.6
Fighting       | 3 4 5 6 7 |  7.8
Armour         | 4 5 6 7 8 9 10 | 10.5
Shields        | 4 5 6 7 8 |  8.2
Dodging        | 1 2 3 4 |  4.5
Throwing       | 1 3 |  3.4
Invocations    | 1 |  1.9
Evocations     | |  0.1

Action                     |  1- 3 |  4- 6 |  7- 9 | 10-12 || total
---------------------------+-------+-------+-------+-------++-------
  Melee: Flail             |    69 |   189 |   308 |   553 ||  1119
         Tailslap          |     7 |    17 |    36 |    93 ||   153
  Throw: Boomerang         |       |       |       |    38 ||    38
         Dart              |       |       |       |     7 ||     7
 Invoke: Minor Destruction |       |       |       |     2 ||     2
         Lesser Servant of |       |       |       |     6 ||     6
  Evoke: Wand              |       |       |       |     1 ||     1
    Use: Potion            |       |     1 |     3 |    13 ||    17
         Scroll            |       |     1 |    11 |    13 ||    25
   Stab: Distracted        |       |       |       |     2 ||     2
 Armour: Scale mail        |    45 |   155 |   165 |   321 ||   686
  Dodge: Dodged            |    29 |    82 |   115 |   215 ||   441
  Block: Buckler           |    17 |    43 |    69 |   139 ||   268

Table legend: (Time is in decaauts)
 A = Elapsed time spent in this place.
 B = Non-inter-level travel time spent in this place.
 C = Inter-level travel time spent in this place.
 D = Time resting spent in this place.
 E = Time spent auto-exploring this place.
 F = Levels seen in this place.
 G = Mean time per level.
                   A        B        C        D        E       F      G
               +--------+--------+--------+--------+--------+-----+--------+
         Total |  11763 |  10775 |    988 |   1491 |   6881 |  14 |  840.2 |
       Dungeon |  11032 |  10066 |    966 |   1345 |   6524 |  11 | 1002.9 |
        Temple |    113 |     91 |     22 |      0 |     53 |   1 |  113.0 |
         Abyss |    617 |    617 |      0 |    146 |    304 |   2 |  308.5 |
               +--------+--------+--------+--------+--------+-----+--------+

Top non-repeatable levels by time:
    D:10: 1606 daAuts
     D:8: 1463 daAuts
     D:3: 1371 daAuts
     D:5: 1318 daAuts
     D:7: 1120 daAuts
     D:2: 1013 daAuts
     D:9: 949 daAuts
     D:4: 731 daAuts
     D:6: 693 daAuts
 Abyss:2: 617 daAuts
     D:1: 483 daAuts
    D:11: 281 daAuts
  Temple: 113 daAuts
